 Dungeon Crawl Stone Soup version 0.30-a0-297-g0ec75d9ef4 (webtiles) character file.

Game seed: 6541122727563385430

45918 funkygono the Basher (level 14, 0/90 HPs)
             Began as a Gargoyle Fighter on Oct 17, 2022.
             Was a High Priest of Okawaru.
             Killed by divine providence
             ... invoked by a meliai
              (12 damage)
             ... on level 4 of the Lair of Beasts on Oct 18, 2022.
             The game lasted 00:38:17 (18859 turns).

funkygono the Basher (Gargoyle Fighter)            Turns: 18859, Time: 00:38:18

Health: 0/90       AC: 40    Str: 25    XL:     14   Next: 35%
Magic:  35/36      EV: 10    Int: 14    God:    Okawaru [*****.]
Gold:   1224       SH: 13    Dex:  9    Spells: 13/13 levels left

rFire   . . .      SeeInvis .    W - +9 mace of Jelim {drain, Will+ MP+9}
rCold   + . .      Faith    .    c - +0 buckler
rNeg    + + .      Spirit   .    O - +1 plate armour {rC+}
rPois   ∞          Reflect  +    S - +3 hat of Pondering {ponderous, Will+ MP+10 Int+5}
rElec   +          Harm     .    z - +1 cloak
rCorr   .          Rampage  .    w - +1 pair of gloves
Will    +++..                    (no boots)
Stlth   ..........               t - amulet of reflection
HPRegen 0.35/turn                A - ring of positive energy
MPRegen 0.25/turn                v - +4 ring of protection

@: heroic, flying, slow
A: sickness immunity, AC +10, big wings, negative energy resistance 1,
electricity resistance, torment resistance 1, petrification resistance
a: Renounce Religion, Heroism, Finesse, Duel


You were on level 4 of the Lair of Beasts.
You worshipped Okawaru.
Okawaru was extremely pleased with you.
You visited 3 branches of the dungeon, and saw 16 of its levels.
You also visited: Bailey and Ice Cave.

You collected 1322 gold pieces.
You spent 98 gold pieces at shops.

Inventory:

Hand Weapons
 i - the +4 flail "Tuveist" {elec, rC++ rCorr Dex-2}
   (You found it on level 7 of the Dungeon)

   It occasionally discharges a powerful burst of electricity upon striking a
   foe.
   Dex:       It affects your dexterity (-2).
   rC:        It greatly protects you from cold.
   rCorr:     It protects you from acid and corrosion.
 k - a +7 flail of draining
 W - the +9 mace of Jelim (weapon) {drain, Will+ MP+9}
   (Okawaru gifted it to you on level 3 of the Lair of Beasts)

   A truly terrible weapon, it drains the life of any living foe it strikes.
   MP:        It affects your magic capacity (+9).
   Will:      It increases your willpower.
Missiles
 J - 6 javelins
 Q - 11 boomerangs (quivered)
Armour
 b - a +1 pair of boots
 c - a +0 buckler (worn)
 w - a +1 pair of gloves (worn)
 z - a +1 cloak (worn)
 I - a +1 helmet
 O - a +1 plate armour of cold resistance (worn)
 S - the +3 hat of Pondering (worn) {ponderous, Will+ MP+10 Int+5}
   (You took it off Gastronok on level 11 of the Dungeon)

   Int:       It affects your intelligence (+5).
   MP:        It affects your magic capacity (+10).
   Will:      It increases your willpower.
Magical Staves
 l - a staff of fire
Jewellery
 t - an amulet of reflection (around neck)
 v - a +4 ring of protection (right hand)
 y - a ring of protection from cold
 A - a ring of positive energy (left hand)
 N - a +4 ring of protection
Wands
 q - a wand of light (4)
 x - a wand of digging (1)
 D - a wand of roots (10)
 M - a wand of polymorph (6)
 T - a wand of mindburst (24)
Scrolls
 d - a scroll of enchant armour
 e - a scroll of fog
 g - a scroll of silence
 j - a scroll of blinking
 p - a scroll of poison
 r - a scroll of identify
 L - 2 scrolls of teleportation
 V - a scroll of fear
Potions
 a - a potion of brilliance
 f - a potion of lignification
 h - 3 potions of berserk rage
 m - 6 potions of mutation
 n - 2 potions of resistance
 o - 2 potions of attraction
 C - 3 potions of heal wounds
 E - 2 potions of invisibility
 F - a potion of cancellation
 G - 3 potions of haste
 K - 2 potions of ambrosia
 P - a potion of degeneration {unknown}
 U - 5 potions of curing


   Skills:
 + Level 11.3(16.3) Fighting
 + Level 14.5(19.5) Maces & Flails
 + Level 2.6(7.6) Throwing
 + Level 9.4(14.4) Armour
 + Level 6.7(11.7) Dodging
 + Level 5.8(10.8) Stealth
 + Level 13.0(18.0) Shields
 + Level 4.4 Invocations


You had 13 spell levels left.
You didn't know any spells.
Your spell library contained the following spells:

 Spells                   Type           Power      Damage    Failure   Level
 Apportation              Tloc           0%         N/A       94%         1
 Freeze                   Ice            0%         1d3       94%         1
 Necrotise                Necr           0%         1d4       94%         1
 Shock                    Conj/Air       0%         1d3       94%         1
 Frozen Ramparts          Ice            0%         1d1       100%        3
 Gell's Gravitas          Tloc           0%         N/A       100%        3
 Hailstorm                Conj/Ice       0%         3d3       100%        3
 Lesser Beckoning         Tloc           0%         N/A       100%        3
 Ozocubu's Armour         Ice            0%         N/A       100%        3
 Swiftness                Air            0%         N/A       100%        3
 Teleport Other           Tloc           0%         N/A       100%        3
 Vampiric Draining        Necr           0%         2d6       100%        3
 Airstrike                Air            0%         2d(0-16)  100%        4
 Anguish                  Hex/Necr       0%         N/A       100%        4
 Agony                    Necr           0%         N/A       100%        5
 Freezing Cloud           Conj/Ice/Air   0%         6-21      100%        5
 Enfeeble                 Hex            0%         N/A       100%        7
 Ozocubu's Refrigeration  Ice            0%         4d7       100%        7
 Polar Vortex             Ice            0%         N/A       100%        9
 Simulacrum               Ice/Necr       Unusable   N/A       N/A         6

Dungeon Overview and Level Annotations

Branches:
Dungeon (11/15)            Temple (1/1) D:7            Lair (4/5) D:10
  Swamp (0/4) Lair:2       Spider (0/4) Lair:3        Slime (0/5) Lair:4
    Orc (0/2) D:9          Bailey (visited)           IceCv (visited)

Altars:
Ashenzari
Cheibriados
Dithmenos
Elyvilon
Fedhas
Gozag
Hepliaklqana
Kikubaaqudgha
Makhleb
Nemelex Xobeh
Okawaru
Qazlal
Ru
Sif Muna
Trog
Uskayaw
Vehumet
Wu Jian
Xom
Yredelemnul
Zin
The Shining One
Jiyva

Shops:
D:2 [   D:4 [   D:8 [   D:10 (

Annotations:
Lair:3 2 transporters


Innate Abilities, Weirdness & Mutations

You are immune to sickness and miasma.
Your stone body is resilient. (AC +10)
You are immune to poison.
Your large and strong wings let you fly.
You resist negative energy. (rN+)
You are resistant to electric shocks. (rElec)
You are resistant to unholy torment.
You are immune to petrification.


Message History

The killer bee rages.
The killer bee closely misses you. You block the killer bee's attack.
The meliai calls down the wrath of its god upon you.
Something smites you!
* * * LOW HITPOINT WARNING * * *
The killer bee stings you but does no damage.
The killer bee closely misses you.
The death yak gores you but does no damage.
You bludgeon the death yak!!
The death yak is almost dead.
The killer bee barely misses you.
The killer bee stings you but does no damage.
You hit the death yak. You drain the death yak.
The death yak is almost dead.
You block the killer bee's attack.
The killer bee stings you but does no damage.
You block the death yak's attack. You block the killer bee's attack.
The killer bee barely misses you.
You hit the death yak but do no damage.
The death yak is almost dead.
The killer bee stings you but does no damage.
You block the killer bee's attack.
The meliai invokes the aid of its god against you.
Something smites you!
* * * LOW HITPOINT WARNING * * *
You block the death yak's attack.
You barely miss the death yak.
The death yak is almost dead.
The killer bee rages. x2
The killer bee stings you but does no damage. x2
You block the death yak's attack. You block the killer bee's attack.
The killer bee stings you but does no damage.
You hear an angry buzzing noise.
You sock the killer bee! You drain the killer bee.
You kill the killer bee!
Okawaru accepts your kill. The killer bee barely misses you.
The meliai invokes the aid of its god against you.
Something smites you!
You die... ........# ......[.# .......### # . ......####. y#.. .....## ...### ###yyl ..##### #..#.
S#yy#

.## .. ##...###yyy#
.# #..#. #..#yY# # ##
#.###...###.†@## .. .
...#..#..#..#.†#..#
#.#....###...###...#
#.#.....#..#..#..#..#
#..##....###...###...
#.....#..#..#..#..#..
. ##
#......#...###...## .
..# #.#
#.......#..#..#..#
#..
##.###†.....##...##
.. .#..


You could see a death yak (drained), a black mamba, a queen bee, a wyvern, a
meliai and 7 killer bees.

Vanquished Creatures
  Gastronok (D:11)
  A reaper (IceCv)
  3 hydras
  Erica (D:8)
  2 two-headed ogres (D:11)
  5 boulder beetles
  Nergalle (Lair:1)
  Sonja (Lair:4)
  An orb spider (Lair:3)
  2 lindwurms
  4 orc knights
  A wolf spider (Lair:2)
  9 elephants (Lair:3)
  Joseph (D:7)
  2 ice statues (IceCv)
  A black mamba (Lair:1)
  8 cane toads
  3 gargoyles (D:11)
  A kobold demonologist (D:10)
  6 rime drakes
  6 komodo dragons
  3 unseen horrors
  2 anaconda simulacra (IceCv)
  5 ice devils (IceCv)
  2 polar bears (Lair:3)
  A tarantella (Lair:2)
  A meliai (Lair:4)
  2 trolls
  2 hornets
  5 blink frogs (Lair:3)
  4 slime creatures (D:9)
  4 dream sheep (Lair:3)
  15 wyverns
  2 shadows (D:10)
  A jumping spider (Lair:2)
  2 wraiths
  20 yaks
  3 basilisks
  A death yak simulacrum (IceCv)
  A redback (Lair:2)
  2 steam dragons
  Menkaure (D:7)
  An acid dragon (D:9)
  11 water moccasins
  A hydra simulacrum (IceCv)
  An ice beast (D:7)
  15 orc warriors
  A black bear (D:8)
  6 wolves
  7 centaurs
  2 ogres
  2 phantoms
  2 necrophages
  2 kobold brigands (D:10)
  19 bullfrogs
  6 scorpions
  2 cane toad simulacra (IceCv)
  10 wights
  29 killer bees
  A howler monkey (D:7)
  4 lava snakes (Lair:2)
  5 jellies
  4 hounds
  2 orc priests
  6 iguanas
  8 orc wizards
  A hell rat (Lair:4)
  A troll simulacrum (IceCv)
  Natasha (thrice) (D:2)
  A polar bear simulacrum (IceCv)
  2 wolf simulacra (IceCv)
  3 spriggan simulacra (IceCv)
  4 gnolls
  6 adders
  2 naga simulacra (IceCv)
  A river rat (Lair:4)
  3 shadow imps
  3 white imps
  7 ufetubi
  2 worms
  A dart slug (D:1)
  52 orcs
  13 endoplasms
  9 goblins
  3 hobgoblins
  10 kobolds
  4 ball pythons
  A bat (D:2)
  3 frilled lizards
  3 rats (D:1)
  7 bushes (D:10)
431 creatures vanquished.

Vanquished Creatures (others)
  A bush (D:10)
  25 fungi
  39 plants
65 creatures vanquished.

Grand Total: 496 creatures vanquished

Notes
Turn   | Place    | Note
-------+----------+-------------------------------------------
     0 | D:1      | funkygono the Gargoyle Fighter began the quest for the Orb.
     0 | D:1      | Reached XP level 1. HP: 14/14 MP: 1/1
   150 | D:1      | Reached XP level 2. HP: 19/19 MP: 2/2
   876 | D:2      | Reached XP level 3. HP: 24/24 MP: 3/3
   976 | D:2      | Noticed Natasha
   987 | D:2      | Killed Natasha
  1009 | D:2      | Reached XP level 4. HP: 22/29 MP: 4/4
  1154 | D:2      | Found Sapt's Antique Armour Shop.
  1234 | D:2      | Found a faded altar of an unknown god.
  1242 | D:2      | Got Plato's Guidebook on the Jaunt
  1381 | D:2      | Reached skill level 3 in Maces & Flails
  1761 | D:2      | Noticed Natasha
  1770 | D:2      | Killed Natasha
  1839 | D:2      | Noticed Natasha
  1856 | D:2      | Killed Natasha
  1857 | D:2      | Reached XP level 5. HP: 23/33 MP: 5/5
  2810 | D:3      | Upgraded the game from 0.30-a0-292-g0f741e3f8e to
                  | 0.30-a0-297-g0ec75d9ef4
  2967 | D:4      | Noticed an ogre
  2987 | D:4      | Killed an ogre
  2988 | D:4      | Reached XP level 6. HP: 19/38 MP: 6/6
  3243 | D:4      | Found a basalt altar of Yredelemnul.
  3284 | D:4      | Found Ares's Armour Boutique.
  3308 | D:4      | Bought a +0 cloak for 49 gold pieces
  3366 | D:4      | Reached skill level 1 in Dodging
  3402 | D:4      | Found a bloodstained altar of Trog.
  3716 | D:5      | Entered Level 5 of the Dungeon
  3753 | D:5      | Reached skill level 4 in Maces & Flails
  3819 | D:5      | Found a radiant altar of Vehumet.
  3872 | D:5      | Reached skill level 5 in Shields
  3927 | D:5      | Reached XP level 7. HP: 43/43 MP: 7/7
  4083 | D:5      | Reached skill level 5 in Armour
  4202 | D:5      | Reached skill level 5 in Maces & Flails
  4794 | D:6      | Reached XP level 8. HP: 35/48 MP: 8/8
  4969 | D:6      | Reached skill level 6 in Maces & Flails
  5099 | D:6      | Found a broken altar of Ashenzari.
  5407 | D:6      | Found a glowing silver altar of Zin.
  5733 | D:6      | Found an opulent altar of Gozag.
  5887 | D:7      | Noticed Menkaure
  5901 | D:7      | Killed Menkaure
  5902 | D:7      | Reached skill level 5 in Fighting
  5902 | D:7      | Reached skill level 7 in Maces & Flails
  5902 | D:7      | Reached skill level 1 in Stealth
  6013 | D:7      | Found a staircase to the Ecumenical Temple.
  6033 | Temple   | Entered the Ecumenical Temple
  6085 | Temple   | Became a worshipper of Warmaster Okawaru
  6216 | D:7      | Identified the +4 flail "Tuveist" {elec, rC++ rCorr Dex-2}
  6237 | D:7      | Reached XP level 9. HP: 35/54 MP: 9/9
  6447 | D:7      | Noticed Joseph
  6469 | D:7      | Killed Joseph
  6469 | D:7      | Reached * piety under Okawaru
  6477 | D:7      | Reached skill level 8 in Maces & Flails
  6585 | D:7      | Reached ** piety under Okawaru
  6775 | D:7      | Found a sparkling altar of Nemelex Xobeh.
  7130 | D:7      | Found a hazy altar of Hepliaklqana.
  7150 | D:7      | Noticed a hornet
  7166 | D:7      | Killed a hornet
  7331 | D:8      | Reached XP level 10. HP: 47/63 MP: 10/10
  7337 | D:8      | Found a flagged portal.
  7398 | Bailey   | Entered a bailey
  7417 | Bailey   | Reached skill level 9 in Maces & Flails
  7652 | Bailey   | Noticed an orc knight
  7689 | Bailey   | Killed an orc knight
  7696 | Bailey   | Noticed an orc knight
  7710 | Bailey   | Killed an orc knight
  7782 | Bailey   | Noticed an orc knight
  7793 | Bailey   | Reached *** piety under Okawaru
  7800 | Bailey   | Killed an orc knight
  8185 | D:8      | Found Dijiakur's Armour Shoppe.
  8211 | D:8      | Bought a +0 helmet for 49 gold pieces
  8553 | D:8      | Noticed Erica
  8572 | D:8      | Killed Erica
  8572 | D:8      | Reached **** piety under Okawaru
  8573 | D:8      | Reached skill level 10 in Maces & Flails
  8573 | D:8      | Reached XP level 11. HP: 36/68 MP: 11/11
  9103 | D:9      | Found a staircase to the Orcish Mines.
  9382 | D:9      | Reached ***** piety under Okawaru
  9774 | D:9      | Reached skill level 11 in Maces & Flails
  9959 | D:10     | Entered Level 10 of the Dungeon
 10383 | D:10     | Found Piram's Weapon Emporium.
 10549 | D:10     | Found a staircase to the Lair.
 11429 | D:11     | Noticed an orc knight
 11501 | D:11     | Reached XP level 12. HP: 76/76 MP: 10/12
 11540 | D:11     | Reached skill level 10 in Shields
 11559 | D:11     | Found a shadowy altar of Dithmenos.
 11574 | D:11     | Received a gift from Okawaru
 11575 | D:11     | Reached skill level 1 in Invocations
 11580 | D:11     | Reached skill level 1 in Throwing
 11647 | D:11     | Noticed a two-headed ogre
 11660 | D:11     | Killed a two-headed ogre
 11661 | D:11     | Reached skill level 5 in Dodging
 11798 | D:11     | Reached skill level 12 in Maces & Flails
 11814 | D:11     | Noticed a two-headed ogre
 11824 | D:11     | Killed a two-headed ogre
 11973 | D:11     | Noticed Gastronok
 12005 | D:11     | Killed Gastronok
 12878 | Lair:1   | Entered Level 1 of the Lair of Beasts
 12996 | Lair:1   | Noticed Nergalle
 13011 | Lair:1   | Killed Nergalle
 13366 | Lair:1   | Received a gift from Okawaru
 13795 | Lair:2   | Found a staircase to the Swamp.
 13874 | Lair:2   | Found a runed translucent door.
 13964 | Lair:2   | Identified the +1 leather armour of Inference {rF+++ Will-
                  | Regen+ Int-2}
 14027 | Lair:2   | Noticed a boulder beetle
 14048 | Lair:2   | Killed a boulder beetle
 14134 | Lair:2   | Reached skill level 10 in Fighting
 14443 | Lair:2   | Found a runed translucent gate.
 14443 | Lair:2   | Found a runed translucent gate.
 14443 | Lair:2   | Found a runed translucent gate.
 14443 | Lair:2   | Found a runed translucent gate.
 14443 | Lair:2   | Noticed a boulder beetle
 14444 | Lair:2   | Found a runed translucent gate.
 14446 | Lair:2   | Found a runed translucent gate.
 14446 | Lair:2   | Noticed a boulder beetle
 14453 | Lair:2   | Noticed a boulder beetle
 14455 | Lair:2   | Reached skill level 5 in Stealth
 14455 | Lair:2   | Reached XP level 13. HP: 40/82 MP: 15/15
 14742 | Lair:2   | Reached skill level 13 in Maces & Flails
 14763 | Lair:2   | Identified the +1 robe of Kindness {rF- Int+5 Slay+5}
                  | (Okawaru gifted it to you on level 2 of the Lair of Beasts)
 14763 | Lair:2   | Received a gift from Okawaru
 15405 | Lair:3   | Found a frozen archway.
 15441 | IceCv    | Entered an ice cave
 16219 | IceCv    | Noticed a reaper
 16235 | IceCv    | Killed a reaper
 16645 | Lair:3   | Reached skill level 14 in Maces & Flails
 16714 | Lair:3   | Received a gift from Okawaru
 16873 | Lair:3   | Found a transporter.
 16998 | Lair:3   | Found a hole to the Spider Nest.
 17022 | Lair:3   | Identified the +9 mace of Jelim {drain, Will+ MP+9}
                  | (Okawaru gifted it to you on level 3 of the Lair of Beasts)
 17022 | Lair:3   | Received a gift from Okawaru
 17023 | Lair:3   | Gained mutation: Your large and strong wings let you fly.
                  | [Gargoyle growth]
 17023 | Lair:3   | Reached XP level 14. HP: 30/90 MP: 17/17
 17227 | Lair:3   | Found a transporter.
 17994 | Lair:4   | Found a staircase to the Slime Pits.
 18013 | Lair:4   | Found a viscous altar of Jiyva.
 18758 | Lair:4   | Received a gift from Okawaru
 18774 | Lair:4   | Noticed Sonja
 18788 | Lair:4   | Killed Sonja
 18859 | Lair:4   | Killed from afar by a meliai

Illustrated notes

Levels and vault maps discovered:
D:1:      dpeg_arrival_tiny_j, layout_loops_cross, minmay_misc_feat_cross
D:2:      layout_basic, shapermc_ecumenical_altar_rom_forum, serial_shops,
          nicolae_shop_temple_entry_statues_fountains, uniq_natasha
D:3:      layout_basic
D:4:      layout_loops_ring, mainiacjoe_overflow_chevrons, kennysheep_mini_moat,
          kennysheep_small_square
D:5:      layout_cave_pods, mainiacjoe_overflow_concentric_impassable,
          kennysheep_generic_room_8
D:6:      layout_basic, ashenzari_altar_1,
          pdpol_temple_overflow_zin_treasury_gozag_greed,
          minmay_misc_feat_enclosed
D:7:      layout_basic, nzn_hepliaklqana_mist_gate,
          nemelex_diamond_rough_becter, minmay_temple_entry_slanted,
          grunt_tough_drop, uniq_menkaure, uniq_joseph
D:8:      layout_loops_ring, enter_bailey_4, serial_shops,
          nicolae_shop_waterfront, uniq_erica
D:9:      layout_grid_maze, david_orc_2
D:10:     layout_basic, minmay_lair_entry_grove, serial_shops,
          nicolae_shop_bloodbath_and_beyond, minmay_quadrilaterals
D:11:     layout_irregular_city, grunt_dithmenos_smoke, uniq_gastronok
Temple:   nicolae_temple_superstar
Lair:1:   layout_chaotic_city, serial_bayou_shore_b, uniq_nergalle
Lair:2:   gammafunk_indiana_jones, layout_chaotic_city, swamp_mist_pool
Lair:3:   gammafunk_boulding_lane, layout_regular_city,
          nicolae_spider_entry_orb_guardian, portal_ice_cave_rime,
          serial_bayou_shore_b
Lair:4:   hangedman_what_comes_after_a, layout_cave_pods, slime_entry_1,
          gauntlet_entry_generic, lemuel_fruit_fields, lemuel_fruit_fields,
          uniq_sonja

Skill      XL: |  1  2  3  4  5  6  7  8  9 10 11 12 13 14 |
---------------+-------------------------------------------+-----
Maces & Flails | 3 4 5 7 8 10 11 12 14 | 14.5
Armour         | 4 5 6 7 8 9 |  9.4
Shields        | 4 5 6 7 8 9 11 12 13 | 13.0
Fighting       | 4 5 7 8 9 10 11 | 11.3
Dodging        | 1 2 3 4 5 6 |  6.7
Stealth        | 1 2 3 5 |  5.8
Invocations    | 3 4 |  4.4
Throwing       | 2 |  2.6

Action                   |  1- 3 |  4- 6 |  7- 9 | 10-12 | 13-15 || total
-------------------------+-------+-------+-------+-------+-------++-------
Melee: Flail             |    61 |   219 |   301 |   709 |   368 ||  1658
       Mace              |       |       |       |       |   199 ||   199
Throw: Boomerang         |       |       |       |    19 |     8 ||    27
Invok: Heroism           |       |       |       |    32 |    29 ||    61
  Use: Scroll            |       |       |    18 |    13 |     4 ||    35
       Potion            |       |       |       |     7 |     3 ||    10
 Stab: Invisible         |       |       |       |     4 |       ||     4
       Sleeping          |       |       |       |     8 |     1 ||     9
Armor: Scale mail        |    24 |   134 |    78 |       |       ||   236
       Ring mail         |       |       |    36 |   301 |   173 ||   510
       Plate armour      |       |       |       |       |   150 ||   150
Dodge: Dodged            |    14 |    80 |   100 |   258 |   265 ||   717
Block: Buckler           |    17 |   113 |   147 |   357 |   388 ||  1022
       Reflection        |       |       |     6 |    14 |     5 ||    25

Table legend: (Time is in decaauts)
 A = Elapsed time spent in this place.
 B = Non-inter-level travel time spent in this place.
 C = Inter-level travel time spent in this place.
 D = Time resting spent in this place.
 E = Time spent auto-exploring this place.
 F = Levels seen in this place.
 G = Mean time per level.
                   A        B        C        D        E       F      G
               +--------+--------+--------+--------+--------+-----+--------+
         Total |  19127 |  18158 |    969 |   1202 |  11983 |  18 | 1062.6 |
       Dungeon |  12259 |  11499 |    760 |    151 |   8424 |  11 | 1114.5 |
        Temple |    121 |    110 |     11 |      0 |     91 |   1 |  121.0 |
          Lair |   5031 |   4833 |    198 |    566 |   2948 |   4 | 1257.8 |
        Bailey |    670 |    670 |      0 |    265 |      0 |   1 |  670.0 |
      Ice Cave |   1044 |   1044 |      0 |    220 |    519 |   1 | 1044.0 |
               +--------+--------+--------+--------+--------+-----+--------+

Top non-repeatable levels by time:
  Lair:2: 1552 daAuts
  Lair:3: 1534 daAuts
     D:7: 1389 daAuts
    D:10: 1348 daAuts
     D:6: 1313 daAuts
     D:2: 1209 daAuts
    D:11: 1188 daAuts
     D:9: 1166 daAuts
     D:5: 1093 daAuts
   IceCv: 1044 daAuts
     D:3: 1021 daAuts
  Lair:4: 992 daAuts
     D:8: 961 daAuts
  Lair:1: 951 daAuts
     D:4: 819 daAuts
